 Dungeon Crawl Stone Soup version 0.25.0-26-g0c896c7088 (webtiles) character file.

Game seed: 3259534116114581586

52 MisterFreud the Digger (level 3, -1/26 HPs)
             Began as an Octopode Earth Elementalist on July 1, 2020.
             Slain by a gnoll
             ... wielding a cursed -3 flail
              (7 damage)
             ... on level 2 of the Dungeon.
             The game lasted 00:03:02 (2377 turns).

MisterFreud the Digger (OpEE)                       Turns: 2377, Time: 00:03:03

Health: -1/26      AC:  1    Str:  7    XL:     3   Next: 85%
Magic:  6/6        EV: 13    Int: 18    God:
Gold:   90         SH:  0    Dex: 12    Spells: 0/6 levels left

rFire    . . .     SeeInvis .   d - -2 short sword (curse)
rCold    . . .     Gourm    .   (no shield)
rNeg     . . .     Faith    .   (helmet restricted)
rPois    .         Spirit   .   (no amulet)
rElec    .         Reflect  .   (no ring)
rCorr    .         Harm     .   (no ring)
MR       .....                  (no ring)
Stlth    +++.......             (no ring)
HPRegen  0.08/turn              (no ring)
MPRegen  0.10/turn              (no ring)
                                (no ring)
                                (no ring)

@: no status effects
A: almost no armour, stealthy swim, amphibious, 8 rings, constrict 8, camouflage
1, gelatinous body 1
a: no special abilities


You were on level 2 of the Dungeon.
You were not hungry.

You visited 1 branch of the dungeon, and saw 2 of its levels.

You collected 90 gold pieces.

Inventory:

Hand Weapons
 a - a +1 short sword of venom
 d - a cursed -2 short sword (weapon)
 f - a +2 dagger of flaming
Missiles
 b - 69 stones (quivered)
 k - 12 poisoned darts
Scrolls
 i - a scroll of remove curse {unknown}
 j - a scroll of teleportation {unknown}
 l - a scroll of identify {unknown}
Potions
 e - a potion of might {unknown}
 g - 2 potions of lignification {unknown}
 h - a potion of invisibility {unknown}
Comestibles
 c - 4 rations
 m - 2 chunks of flesh


   Skills:
 - Level 3.0 Fighting
 - Level 2.0 Dodging
 - Level 2.6 Stealth
 + Level 2.0 Spellcasting
 + Level 1.0 Conjurations
 - Level 1.0 Transmutations
 - Level 3.0 Earth Magic


You couldn't memorise any spells.
You knew the following spells:

 Your Spells              Type           Power        Failure   Level  Hunger
a - Sandblast             Erth           ##....       5%          1    #......
b - Stone Arrow           Conj/Erth      #.....       24%         3    ###....
c - Passwall              Tmut/Erth      #.......     12%         2    ###....

Your spell library contained the following spells:

 Spells                   Type           Power        Failure   Level  Hunger
 Petrify                  Tmut/Erth      #.......     61%         4    #####..
 Lee's Rapid Deconstruct  Erth           ##........   82%         5    ######.


Dungeon Overview and Level Annotations

Branches:
Dungeon (2/15)

Altars:
Xom


Innate Abilities, Weirdness & Mutations

You cannot wear most types of armour.
You are very stealthy in the water. (Stealth+)
You are amphibious.
You can wear up to eight rings at the same time.
You can use your tentacles to constrict eight enemies at once.
Your skin changes colour to match your surroundings (Stealth+).
Your rubbery body absorbs attacks. (AC +1, EV +1)


Message History

The worm moves out of view.
You closely miss the gnoll.
The goblin shouts!
You grab the gnoll.
You constrict the gnoll, but do no damage.
The goblin hits you with a +1 dagger of speed.
The gnoll barely misses you.
You barely miss the gnoll.
You constrict the gnoll, but do no damage.
The goblin barely misses you. The gnoll barely misses you.
The gnoll hits you with a cursed +0 club!
The gnoll barely misses you.
The goblin hits you with a +1 dagger of speed.
You release your grip on the gnoll.
The gnoll throws a stone.
The stone misses you. The gnoll barely misses you.
The gnoll throws a stone.
The stone barely misses you. The gnoll hits you with a +0 club.
* * * LOW HITPOINT WARNING * * *
The gnoll hits you with a cursed -3 flail!
You die...

...# #.#
##.# #.#
...### #g#
.....#
##.##
.###.#
##...## ##
.#
#(....###.#
.
#gggg.....#
.#
#.....#####
. ##.@.##
#.#.# ##g.#
#.#.# #..#
#.#.# #..#
#.#.# #..#
#... #..#
#..# #..#
#[.# #..#
#####>.#
.###


You could see 4 gnolls and 2 goblins.

Vanquished Creatures
  4 dart slugs (D:1)
  A leopard gecko (D:1)
  4 bats
  A giant cockroach (D:1)
  5 goblins
  5 hobgoblins
  6 jackals
  6 kobolds
  4 frilled lizards
  3 rats
39 creatures vanquished.

Notes
Turn   | Place    | Note
-------+----------+-------------------------------------------
     0 | D:1      | MisterFreud the Octopode Earth Elementalist began the quest
                  | for the Orb.
     0 | D:1      | Reached XP level 1. HP: 11/11 MP: 3/3
    84 | D:1      | Reached skill level 1 in Fighting
   151 | D:1      | Reached XP level 2. HP: 10/18 MP: 5/5
   735 | D:1      | Reached XP level 3. HP: 14/25 MP: 6/6
  1364 | D:1      | Learned a level 3 spell: Stone Arrow
  1367 | D:1      | Learned a level 2 spell: Passwall
  1855 | D:2      | Found a shimmering altar of Xom.
  2318 | D:2      | Reached skill level 1 in Conjurations
  2377 | D:2      | Slain by a gnoll

Illustrated notes

Levels and vault maps discovered:
D:1:      roderic_crop_circles_arrival_large, layout_basic
D:2:      layout_loops_ring, lemuel_crystal_altar, lemuel_blue_sif_altar,
          first_ration

Skill      XL: |  1  2  3 |
---------------+----------+-----
Fighting       | 1 2 3 |  3.0
Conjurations   | 1 |  1.0
Dodging        | |  2.0
Stealth        | |  2.6
Spellcasting   | |  2.0
Transmutations | |  1.0
Earth Magic    | |  3.0

Action                   || total
-------------------------++-------
Melee: Unarmed           ||    27
       Constrict         ||    31
       Tentacles         ||    17
       Short sword       ||    77
 Cast: Sandblast         ||     1
 Stab: Sleeping          ||    13
  Eat: Chunk             ||     5
Armor: Skin              ||     7
Dodge: Dodged            ||    53
